 Dungeon Crawl Stone Soup version 0.20.1-1-g8b1a95d (webtiles) character file.

559 dohliylev the Covert (level 7, -4/49 HPs)
             Began as a Vampire Assassin on Dec 6, 2017.
             Slain by a hippogriff (12 damage)
             ... on level 6 of the Dungeon.
             The game lasted 00:08:40 (3246 turns).

dohliylev the Covert (Vampire Assassin)             Turns: 3246, Time: 00:08:40

Health: -4/49      AC:  0    Str: 10    XL:     7   Next: 9%
Magic:  0/7        EV: 19    Int: 14    God:
Gold:   233        SH:  0    Dex: 22    Spells: 6/6 levels left

rFire    . . .     SeeInvis +   (weapon currently unavailable)
rCold    . . .     Gourm    .   (shield currently unavailable)
rNeg     + . .     Faith    .   (armour currently unavailable)
rPois    .         Spirit   +   (helmet currently unavailable)
rElec    .         Reflect  .   (cloak currently unavailable)
rCorr    .         Harm     .   (gloves currently unavailable)
MR       .....                  (boots currently unavailable)
Stlth    ++++++++..             t - amulet of guardian spirit
Regen    0.2/turn               (ring currently unavailable)
MPRegen  0.1/turn               (ring currently unavailable)

@: bat-form, flying, very quick
A: fangs 3, see invisible
a: End Transformation


You were on level 6 of the Dungeon.
You were not thirsty.
You were in vampire-bat-form.
You visited 1 branch of the dungeon, and saw 6 of its levels.

You collected 233 gold pieces.

Inventory:

Hand Weapons
 a - a +2 dagger (melded)
 b - a +0 blowgun
Missiles
 f - a curare-tipped needle
Armour
 c - a +0 robe (melded)
 d - a +0 cloak (melded)
Jewellery
 h - a +6 ring of evasion (melded)
 i - a ring of resist corrosion (melded)
 m - a +4 amulet of reflection
 t - an amulet of guardian spirit (around neck)
Wands
 q - a wand of flame (20/48)
Scrolls
 j - 2 scrolls of identify {unknown}
 k - 2 scrolls of enchant weapon {unknown}
 p - a scroll of fog {unknown}
 r - 4 scrolls of teleportation {unknown}
 u - a scroll of blinking {unknown}
Potions
 g - 19 potions of blood
 l - 3 potions of degeneration {unknown}
 n - 2 potions of heal wounds
 o - 2 potions of invisibility {unknown}
 s - a potion of mutation {unknown}
 v - a potion of ambrosia {unknown}


   Skills:
 - Level 1.7 Fighting
 + Level 2.4 Short Blades
 - Level 1.5 Throwing
 + Level 1.2 Dodging
 - Level 12.6 Stealth


You had 6 spell levels left.
You didn't know any spells.

Dungeon Overview and Level Annotations

Branches:
Dungeon (6/15)
 Temple: D:4-7

Altars:


Innate Abilities, Weirdness & Mutations

You have razor-sharp teeth.
You have supernaturally acute eyesight. (SInv)
((You can survive without breathing.))


Message History

The hippogriff is no longer moving slowly.
You hit the hippogriff. You bite the hippogriff.
The hippogriff is severely wounded.
The hippogriff bites you!
* * * LOW HITPOINT WARNING * * *
The hippogriff completely misses you. The hippogriff misses you.
You hit the hippogriff.
The hippogriff is severely wounded.
The hippogriff bites you!
* * * LOW HITPOINT WARNING * * *
The hippogriff pecks you.
* * * LOW HITPOINT WARNING * * *
The hippogriff closely misses you.
Found a stone staircase leading down.
You turn into a vampire bat.
Your +2 dagger melds into your body.
Your +0 cloak melds into your body.
Your +0 robe melds into your body.
Your +6 ring of evasion melds into your body.
Your ring of resist corrosion melds into your body.
The hippogriff bites you!
You die...

### #(. #.# #.#
#(# #(#
######### ##.##
#........
##...###b####
#...<..H....#
##...###.##....#
##.## #... ...#
### ##### >.# ##


You could see a hippogriff.

Vanquished Creatures
  Eustachio (D:5)
  An orc priest (D:4)
  A hound (D:3)
  3 orc wizards
  A centaur skeleton (D:5)
  Terence (D:3)
  2 worker ants (D:5)
  8 adders
  2 oozes
  An adder skeleton (D:4)
  3 worms
  A dart slug (D:3)
  3 leopard geckos
  9 orcs
  4 giant cockroaches
  7 goblins
  3 hobgoblins
  5 jackals
  2 quokkas (D:5)
  5 bats
  7 frilled lizards
  6 kobolds
  A leopard gecko zombie (D:5)
  13 rats
90 creatures vanquished.

Notes
Turn   | Place    | Note
-------+----------+-------------------------------------------
     0 | D:1      | dohliylev the Vampire Assassin began the quest for the Orb.
     0 | D:1      | Reached XP level 1. HP: 16/16 MP: 1/1
    22 | D:1      | Reached skill level 6 in Stealth
   234 | D:1      | Reached XP level 2. HP: 17/22 MP: 2/2
   432 | D:1      | Reached skill level 7 in Stealth
   609 | D:2      | Reached XP level 3. HP: 23/27 MP: 3/3
  1024 | D:3      | Reached skill level 8 in Stealth
  1024 | D:3      | Reached XP level 4. HP: 33/33 MP: 4/4
  1187 | D:3      | Reached skill level 9 in Stealth
  1253 | D:3      | Noticed Terence
  1286 | D:3      | Killed Terence
  1286 | D:3      | Reached XP level 5. HP: 32/38 MP: 5/5
  1352 | D:3      | Reached skill level 10 in Stealth
  2340 | D:5      | Entered Level 5 of the Dungeon
  2422 | D:5      | Reached XP level 6. HP: 39/44 MP: 4/6
  2618 | D:5      | Reached skill level 11 in Stealth
  2982 | D:5      | Noticed Eustachio
  2985 | D:5      | Killed Eustachio
  2985 | D:5      | Reached skill level 12 in Stealth
  2985 | D:5      | Reached XP level 7. HP: 49/49 MP: 7/7
  3220 | D:6      | Noticed a hippogriff
  3246 | D:6      | Slain by a hippogriff

Skill      XL: |  1  2  3  4  5  6 |
---------------+-------------------+-----
Stealth        | 6 7 8 9 10 12 | 12.6
Fighting       | |  1.7
Short Blades   | |  2.4
Throwing       | |  1.5
Dodging        | |  1.2

Action                   |  1- 3 |  4- 6 |  7- 9 || total
-------------------------+-------+-------+-------++-------
Melee: Dagger            |   109 |   219 |     7 ||   335
       Bite              |     6 |    23 |     1 ||    30
 Fire: Blowgun           |     3 |    22 |     9 ||    34
 Abil: Bat Form          |       |       |     1 ||     1
 Stab: Sleeping          |     8 |    19 |     1 ||    28
  Eat: Corpse            |     9 |     6 |       ||    15
Armor: Robe              |    22 |     8 |     1 ||    31
Dodge: Dodged            |    54 |   124 |    22 ||   200
Block: Other             |     6 |    14 |       ||    20
